 Dungeon Crawl Stone Soup version 0.29.1-13-g9f3cf754e1 (webtiles) character file.

Game seed: 9940161927701078104

178280 sizableburger the Earth Mage (level 17, -27/129 HPs)
             Began as a Demonspawn Earth Elementalist on Feb 2, 2023.
             Was the Champion of Fedhas.
             Killed from afar by Mara (76 damage)
             ... with a bolt of fire
             ... on level 4 of the Swamp on Feb 5, 2023.
             The game lasted 02:33:10 (49760 turns).

sizableburger the Earth Mage (DsEE)                Turns: 49760, Time: 02:33:13

Health: -27/129    AC: 29    Str:  8    XL:     17   Next: 57%
Magic:  33/40      EV: 10    Int: 28    God:    Fedhas [******]
Gold:   3334       SH: 12    Dex: 15    Spells: 10/37 levels left

rFire   x . .      SeeInvis .   J - +2 trident (protect)
rCold   + + .      Faith    .   X - +0 kite shield {rC+}
rNeg    + + +      Spirit   .   f - +3 ring mail "Kikhum Uloc" {rF- rN+++ Int+4 Slay+3}
rPois   .          Reflect  .   q - +2 helmet
rElec   .          Harm     .   k - +2 cloak
rCorr   .          Rampage  .   Z - +0 pair of gloves
Will    ++...                   H - +1 pair of boots
Stlth   +.........              y - amulet of magic regeneration
HPRegen 0.31/turn               Q - ring of magical power
MPRegen 0.67/turn               h - ring of protection from cold

@: sanguine armoured, studying Shields
A: demonic guardian 2, ignite blood 3, sanguine armour 2, demonic willpower,
demonic touch 2
a: Renounce Religion, Wall of Briars, Grow Ballistomycete, Overgrow, Grow Oklob


You were on level 4 of the Swamp.
You worshipped Fedhas.
Fedhas was exalted by your worship.
You visited 5 branches of the dungeon, and saw 27 of its levels.
You also visited: Bailey, Gauntlet and Volcano.

You collected 3581 gold pieces.
You spent 247 gold pieces at shops.

Inventory:

Hand Weapons
 d - the +8 quarterstaff of Disharmony {flame, Int+7 SInv}
   (You took it off an orc on level 1 of the Orcish Mines)

   It burns those it strikes, dealing additional fire damage.
   Int:       It affects your intelligence (+7).
   SInv:      It lets you see invisible.
 J - a +2 trident of protection (weapon)
Missiles
 u - 3 throwing nets
Armour
 f - the +3 ring mail "Kikhum Uloc" (worn) {rF- rN+++ Int+4 Slay+3}
   (You found it on level 8 of the Dungeon)

   Int:       It affects your intelligence (+4).
   Slay:      It affects your accuracy & damage with ranged weapons and melee
   (+3).
   rF:        It makes you vulnerable to fire.
   rN:        It renders you almost immune to negative energy.
 k - a +2 cloak (worn)
 q - a +2 helmet (worn)
 H - a +1 pair of boots (worn)
 M - the +1 hat "Xebbees" {Fly SInv Stlth+}
   (You found it in a Gauntlet)

   SInv:      It lets you see invisible.
   Fly:       It grants you flight.
   Stlth:     It makes you more stealthy.
 S - +0 swamp dragon scales
 X - a +0 kite shield of cold resistance (worn)
 Z - a +0 pair of gloves (worn)
Magical Staves
 W - a staff of fire
 Y - a staff of earth
Jewellery
 a - a ring of protection from cold
 h - a ring of protection from cold (right hand)
 n - a +6 ring of intelligence
 y - an amulet of magic regeneration (around neck)
 F - a +6 ring of intelligence
 L - a ring of ice
 O - a ring of see invisible
 Q - a ring of magical power (left hand)
Wands
 g - a wand of polymorph (12)
 p - a wand of mindburst (32)
 G - a wand of quicksilver (8)
 K - a wand of digging (19)
 N - a wand of paralysis (25)
 P - a wand of flame (57)
 U - a wand of roots (16)
Scrolls
 c - 11 scrolls of teleportation
 e - 2 scrolls of blinking
 l - 8 scrolls of amnesia
 o - 4 scrolls of magic mapping
 s - 2 scrolls of brand weapon
 t - 2 scrolls of butterflies
 v - 7 scrolls of vulnerability
 x - 2 scrolls of fear
 z - 11 scrolls of enchant weapon
 A - 13 scrolls of identify
 D - 2 scrolls of summoning
 T - 2 scrolls of enchant armour
Potions
 b - 3 potions of magic
 j - 5 potions of might
 m - 6 potions of curing
 r - 5 potions of brilliance
 w - 11 potions of haste
 B - 10 potions of mutation
 C - 3 potions of cancellation
 E - 3 potions of resistance
 I - a potion of berserk rage
Miscellaneous
 i - a lightning rod (4/4)
 R - a phantom mirror (inert)


   Skills:
 - Level 10.3 Fighting
 - Level 6.8 Polearms
 - Level 7.7 Armour
 - Level 4.2 Dodging
 - Level 1.7 Stealth
 - Level 12.0 Shields
 + Level 10.8 Spellcasting
 - Level 14.0 Conjurations
 + Level 7.6 Transmutations
 - Level 3.4 Air Magic
 - Level 15.1 Earth Magic
 - Level 12.6 Invocations


You had 10 spell levels left.
You knew the following spells:

 Your Spells              Type           Power      Damage    Failure   Level
a - Sandblast             Erth           100%       2d20      1%          1
b - Stone Arrow           Conj/Erth      100%       3d13      1%          3
c - Dazzling Flash        Conj/Hex       100%       N/A       3%          3
d - Passwall              Tmut/Erth      56%        N/A       1%          2
e - Swiftness             Air            34%        N/A       14%         3
f - Petrify               Tmut/Erth      68%        N/A       1%          4
g - Iskenderun's Battles  Conj           76%        2d12      1%          5
h - Statue Form           Tmut/Erth      45%        N/A       28%         6

Your spell library contained the following spells:

 Spells                   Type           Power      Damage    Failure   Level
 Static Discharge         Conj/Air       59%        3-11/arc  1%          2
 Irradiate                Conj/Tmut      33%        3d22      6%          5
 Animate Armour           Summ/Erth      100%       N/A       9%          4
 Flame Wave               Conj/Fire      53%        2d13      11%         4
 Sticky Flame             Conj/Fire      53%        2d7       11%         4
 Blade Hands              Tmut           27%        N/A       24%         5
 Ensorcelled Hibernation  Hex/Ice        30%        N/A       30%         2
 Sublimation of Blood     Necr           15%        N/A       30%         2
 Fireball                 Conj/Fire      26%        3d12      30%         5
 Freezing Cloud           Conj/Ice/Air   23%        6-21      45%         5
 Orb of Destruction       Conj           38%        9d11      45%         7
 Ozocubu's Armour         Ice            15%        N/A       52%         3
 Portal Projectile        Hex/Tloc       30%        N/A       52%         3
 Tukima's Dance           Hex            15%        N/A       52%         3
 Conjure Ball Lightning   Conj/Air       29%        3x3d8     63%         6
 Yara's Violent Unravell  Hex/Tmut       18%        3d9       75%         5
 Anguish                  Hex/Necr       7%         N/A       89%         4
 Cause Fear               Hex            7%         N/A       89%         4
 Dispel Undead            Necr           15%        3d10      89%         4
 Passage of Golubria      Tloc           15%        N/A       89%         4
 Silence                  Hex/Air        12%        N/A       95%         5
 Lehudib's Crystal Spear  Conj/Erth      38%        10d10     97%         8
 Agony                    Necr           15%        N/A       99%         5
 Metabolic Englaciation   Hex/Ice        7%         N/A       99%         5
 Summon Forest            Summ/Tloc      7%         N/A       99%         5
 Eringya's Noxious Bog    Tmut/Pois      18%        N/A       99%         6
 Simulacrum               Ice/Necr       7%         N/A       100%        6
 Dragon Form              Tmut           27%        N/A       100%        7
 Enfeeble                 Hex            7%         N/A       100%        7
 Ozocubu's Refrigeration  Ice            7%         4d9       100%        7
 Summon Hydra             Summ           7%         N/A       100%        7
 Borgnjor's Revivificati  Necr           7%         N/A       100%        8
 Discord                  Hex            7%         N/A       100%        8
 Disjunction              Tloc           7%         N/A       100%        8
 Necromutation            Tmut/Necr      18%        N/A       100%        8
 Death's Door             Necr           7%         N/A       100%        9
 Dragon's Call            Summ           7%         N/A       100%        9
 Polar Vortex             Ice            7%         N/A       100%        9


Dungeon Overview and Level Annotations

Branches:
Dungeon (15/15) Temple (1/1) D:5 Lair (5/5) D:11 Swamp (4/4) Lair:3 Spider (0/4) Lair:2 Slime (0/5) Lair:4 Orc (2/2) D:10 Elf (0/3) Orc:2 Vaults (0/5) D:12 D:13 Depths (0/4) D:15 Bailey (visited) Volcano (visited) Gauntlet (visited)

Altars:
Ashenzari
Cheibriados
Dithmenos
Fedhas
Gozag
Hepliaklqana
Kikubaaqudgha
Makhleb
Nemelex Xobeh
Okawaru
Qazlal
Ru
Sif Muna
Trog
Uskayaw
Vehumet
Wu Jian
Xom
Yredelemnul
Jiyva
Lugonu

Shops:
D:10 [   D:12 *   Orc:2 *(:[

Portals:
Abyss: Lair:5

Annotations:
D:7 2 transporters, Loveship's ghost, novice DsFi
Swamp:4 Mara


Innate Abilities, Weirdness & Mutations

A demonic guardian rushes to your aid.
Your demonic aura causes all spilled blood to erupt in flames.
When seriously injured, your blood forms thick armour. (AC +9)
You punish those that try to bend your will. (Will+)
Your touch may inflict irresistible damage on your foes.


Message History

Okay, then.
The grasping roots constrict Mara.
The grasping roots constrict Mara!
The grasping roots constrict Mara.
You feel very sick.
The roots release their grip on Mara. x3; Your soul eater barely misses Mara.
Unknown command.
Aiming: Fastroot
Press: ? - help, Shift-Dir - straight line The roots erupt in riotous growth!
Roots grab Mara. x3
The grasping roots constrict Mara, but do no damage.
The grasping roots constrict Mara. x2
You feel very sick. Mara hits you but does no damage.
You are more poisoned.
Mara is engulfed in blazing flames.
Mara blinks free!
Mara is engulfed in blazing flames.
Mara hits you from afar with a +0 demon trident of venom!
You are more poisoned.
Your soul eater hits Mara!
Unknown command.
You enter the shallow water.
Moving in this stuff is going to be slow.
The grasping roots constrict Mara. x2
You feel extremely sick.
The roots release their grip on Mara. x2; Mara blinks!
You feel extremely sick.
Mara shimmers and vanishes!
Mara gestures at you.
There is a horrible, sudden wrenching feeling in your soul!
Something barely misses your soul eater.
Mara blinks! x2
Unknown command.
You feel better.
Your soul eater hits Mara.
Mara gestures at you.
The bolt of fire hits your soul eater!!!
The bolt of fire hits you!!!! The fire burns you terribly!
Ouch! That really hurt!
You die...
Fedhas appreciates your contribution to the ecosystem.

...§§.~~..~♣
.§~.~~~.~~♣♣
§...~......♣
.~..~...~§.♣
.~...~~...♣♣
.§.~....~.~♣
...~..~.~♣♣
.~.~.~.~~§♣
.~...~~@..♣
~.§..~.3*.♣
~§..~P.♣R♣♣
~.~..§°..~♣
.@~.~.§~°§♣
~..~...~.♣♣
.~......~.
~~...~...♣♣
~!....~...


You could see Mara (ally target), sizableburger's illusion (very poisoned), a
friendly soul eater (summoned), a friendly oklob plant (summoned) and a friendly
battlesphere.

Vanquished Creatures
  Rupert (D:13)
  Gastronok (D:9)
  Roxanne (Swamp:2)
  A frost giant (Orc:1)
  6 fenstrider witches
  3 orc warlords (Orc:2)
  Donald (Swamp:2)
  4 ghouls
  3 eleionomae
  A minotaur (Gauntlet)
  5 bunyips
  Snorg (D:13)
  An ettin (Orc:1)
  A fire dragon (D:13)
  Fannar (Lair:1)
  An ice dragon (Lair:3)
  2 rakshasas
  2 ogre magi (D:15)
  14 hydras
  3 boulder beetles
  5 centaur warriors
  12 two-headed ogres
  A catoblepas (D:12)
  2 death knights (D:15)
  3 death yaks (D:11)
  Erica (D:8)
  9 alligators
  4 thrashing horrors
  Urug (D:13)
  An orc high priest (Orc:2)
  A tengu warrior (Gauntlet)
  Sonja (Lair:2)
  6 spriggan druids
  5 goliath frogs
  A glowing orange brain (shapeshifter) (D:14)
  5 skeletal warriors
  3 swamp dragons
  3 bog bodies
  7 orc knights
  A wizard (D:14)
  A necromancer (D:15)
  A wolf spider zombie (D:15)
  2 deep elf pyromancers
  2 lindwurms (Volcano)
  6 orc sorcerers
  33 ugly things
  A deep elf zephyrmancer (D:15)
  4 manticores
  3 will-o-the-wisps
  17 cyclopes
  2 torpor snails
  2 toenail golems (Volcano)
  A black mamba (Lair:1)
  4 centaur zombies
  A smoke demon (Lair:5)
  3 molten gargoyles (Volcano)
  3 centaur skeletons (D:15)
  A gargoyle (D:14)
  An ice statue (Lair:3)
  4 orange demons (D:13)
  A kobold demonologist (D:12)
  2 rime drakes (Lair:1)
  10 cane toads
  5 komodo dragons
  2 efreet (Volcano)
  A yaktaur (shapeshifter) (D:13)
  9 trolls
  2 tengu conjurers (Gauntlet)
  An ancient zyme (Lair:5)
  A hellwing (Swamp:4)
  4 polar bears
  20 blink frogs
  2 bloated husks
  6 tyrant leeches
  7 hornets
  Grinder (D:4)
  10 slime creatures
  11 dream sheep
  2 meliai zombies (D:11)
  12 spriggans
  3 shadows (D:11)
  A culicivora (shapeshifter) (Lair:5)
  A ynoxinul (Lair:5)
  2 vampires (D:11)
  16 humans
  6 wraiths
  32 yaks
  3 fire elementals (Volcano)
  Eustachio (D:5)
  4 wyverns
  A golden eye (shapeshifter) (Lair:5)
  6 basilisks
  3 chaos spawn
  Grum (D:9)
  10 vampire mosquitoes
  14 small abominations
  A neqoxec (Swamp:4)
  14 wargs
  Edmund (D:5)
  5 large abominations (Lair:5)
  16 swamp worms
  2 acid dragons (D:12)
  9 water moccasins
  37 orc warriors
  3 swamp drakes
  2 black bears
  A black bear (shapeshifter) (D:14)
  2 ice beasts (Lair:3)
  2 sky beasts
  12 ogres
  28 wolves
  A phantom (D:6)
  6 centaurs
  2 kobold brigands
  13 bullfrogs
  An earth elemental (Volcano)
  3 necrophages
  A gnoll sergeant (D:10)
  8 scorpions
  8 wights
  15 killer bees
  8 howler monkeys
  An electric eel (D:14)
  3 jellies
  3 hounds
  17 orc priests
  Crazy Yiuf (D:2)
  Jessica (D:3)
  3 iguanas
  12 orc wizards
  8 gnolls
  10 adders
  8 river rats
  A shadow imp (D:8)
  A white imp (Lair:3)
  3 ufetubi
  8 dart slugs
  5 worms
  90 orcs
  6 ball pythons
  2 endoplasms (D:1)
  5 giant cockroaches
  6 hobgoblins
  3 jackals
  18 kobolds
  A quokka (D:4)
  8 bats
  5 frilled lizards
  11 goblins
  12 rats
  A ballistomycete spore (Bailey)
  4 fire vortices (Volcano)
888 creatures vanquished.

Vanquished Creatures (collateral kills)
  Jorgrun (Orc:1)
  A death drake (Swamp:4)
  A swamp dragon (Swamp:2)
  A cane toad (Lair:2)
  Psyche (D:8)
  A komodo dragon (Lair:4)
  A meliai (Lair:2)
  A tyrant leech (Swamp:4)
  3 blink frogs (Lair:5)
  2 dream sheep (Lair:5)
  11 yaks
  A fire elemental (Volcano)
  A steam dragon (Lair:2)
  A wraith (D:11)
  A chaos spawn (Lair:5)
  A swamp worm (Swamp:4)
  A warg (Orc:1)
  2 orc warriors
  A small abomination (Lair:5)
  2 orc priests
  6 orc wizards
  2 hell rats (Lair:4)
  2 river rats (Lair:4)
  An adder (D:3)
  A dart slug (D:1)
  10 orcs
  A hobgoblin (D:1)
  3 jackals (D:3)
  A quokka (D:1)
  2 goblins (D:1)
  46 ballistomycete spores
110 creatures vanquished.

Vanquished Creatures (others)
  Nikola (Swamp:2)
  7 thorn hunters
  A ghoul (Swamp:4)
  The ghost of Plog the Warrior, a journeyman MiBe of Trog (Swamp:2)
  An eleionoma (Swamp:2)
  A shambling mangrove (Swamp:4)
  2 hydras
  2 spriggan berserkers
  A goliath frog (Swamp:2)
  A swamp dragon (Swamp:2)
  A wizard (Swamp:4)
  A deep elf zephyrmancer (Swamp:4)
  2 bloated husks
  A hornet (Swamp:2)
  A chaos spawn (Swamp:4)
  A vampire mosquito (Swamp:4)
  A swamp worm (Swamp:3)
  A swamp drake (Swamp:3)
  An orc wizard (Orc:2)
  2 ballistomycete spores
  A briar patch (Swamp:4)
  3 bushes
  5 demonic plants (Gauntlet)
  6 foxfires (Swamp:4)
  30 fungi
  96 plants
  2 withered plants (D:11)
173 creatures vanquished.

Grand Total: 1171 creatures vanquished

Notes
Turn   | Place    | Note
-------+----------+-------------------------------------------
     0 | D:1      | sizableburger the Demonspawn Earth Elementalist began the
                  | quest for the Orb.
     0 | D:1      | Reached XP level 1. HP: 13/13 MP: 3/3
    93 | D:1      | Reached skill level 3 in Earth Magic
   369 | D:1      | Gained mutation: A weak demonic guardian rushes to your
                  | aid. [demonic ancestry]
   369 | D:1      | Reached XP level 2. HP: 19/19 MP: 3/5
  1099 | D:1      | Gained mutation: A demonic guardian rushes to your aid.
                  | [demonic ancestry]
  1099 | D:1      | Reached XP level 3. HP: 24/24 MP: 2/7
  1156 | D:1      | Found a faded altar of an unknown god.
  1785 | D:2      | Gained mutation: When seriously injured, your blood forms
                  | armour. (AC +9) [demonic ancestry]
  1785 | D:2      | Reached XP level 4. HP: 16/30 MP: 3/8
  2336 | D:2      | Learned a level 3 spell: Stone Arrow
  2469 | D:2      | Found a runed translucent door.
  2470 | D:2      | Noticed Crazy Yiuf
  2850 | D:2      | Killed Crazy Yiuf
  2851 | D:2      | Reached skill level 4 in Earth Magic
  3009 | D:3      | Reached XP level 5. HP: 35/35 MP: 8/10
  3246 | D:3      | Reached skill level 1 in Conjurations
  3495 | D:3      | Found a shimmering blue altar of Sif Muna.
  4182 | D:3      | Noticed Jessica
  4185 | D:3      | Killed Jessica
  4186 | D:3      | Gained mutation: Your touch may inflict minor irresistible
                  | damage on your foes. [demonic ancestry]
  4186 | D:3      | Reached XP level 6. HP: 41/41 MP: 7/12
  4868 | D:4      | Found a snail-covered altar of Cheibriados.
  4946 | D:4      | Found a sparkling altar of Nemelex Xobeh.
  5066 | D:4      | Noticed Grinder
  5072 | D:4      | Killed Grinder
  5073 | D:4      | Reached skill level 5 in Spellcasting
  5073 | D:4      | Gained mutation: When seriously injured, your blood forms
                  | thick armour. (AC +9) [demonic ancestry]
  5073 | D:4      | Reached XP level 7. HP: 46/46 MP: 2/15
  5195 | D:4      | Identified the +1 leather armour of Sin {+Inv rN+}
  5570 | D:5      | Entered Level 5 of the Dungeon
  5580 | D:5      | Noticed Eustachio
  6324 | D:5      | Killed Eustachio
  6325 | D:5      | Reached skill level 5 in Conjurations
  6619 | D:5      | Reached XP level 8. HP: 52/52 MP: 17/17
  6730 | D:5      | Noticed Edmund
  6736 | D:5      | Killed Edmund
  6986 | D:5      | Found a staircase to the Ecumenical Temple.
  6997 | Temple   | Entered the Ecumenical Temple
  7035 | Temple   | Became a worshipper of Fedhas Madash
  7113 | D:5      | Learned a level 3 spell: Dazzling Flash
  7150 | D:5      | Reached skill level 1 in Invocations
  7305 | D:5      | Found a sacrificial altar of Ru.
  7366 | D:5      | Reached skill level 1 in Fighting
  8043 | D:6      | Reached skill level 5 in Earth Magic
  8592 | D:7      | Found an opulent altar of Gozag.
  8785 | D:7      | Found a broken altar of Ashenzari.
  8850 | D:7      | Found a transporter.
  8855 | D:7      | Noticed Loveship's ghost (novice DsFi)
  8861 | D:7      | Noticed a komodo dragon
  8894 | D:7      | Gained mutation: Your demonic aura sometimes causes spilled
                  | blood to erupt in flames. [demonic ancestry]
  8894 | D:7      | Reached XP level 9. HP: 64/64 MP: 9/19
  9059 | D:7      | Reached skill level 5 in Invocations
  9266 | D:7      | Reached * piety under Fedhas
  9458 | D:7      | Found a transporter.
  9655 | D:7      | Reached skill level 6 in Earth Magic
  9980 | D:7      | Reached skill level 5 in Fighting
 10124 | D:7      | Got the Cyclopedia of Pyromania and Ice
 10581 | D:8      | Reached skill level 1 in Transmutations
 10676 | D:8      | Reached ** piety under Fedhas
 10909 | D:8      | Identified the +3 ring mail "Kikhum Uloc" {rF- rN+++ Int+4
                  | Slay+3}
 11069 | D:8      | Noticed Psyche
 11070 | D:8      | Noticed Erica
 11076 | D:8      | Killed Psyche
 11077 | D:8      | Reached XP level 10. HP: 74/74 MP: 6/20
 11080 | D:8      | Killed Erica
 11872 | D:8      | Learned a level 2 spell: Passwall
 11876 | D:8      | Learned a level 3 spell: Swiftness
 11896 | D:9      | Noticed Gastronok
 12005 | D:9      | Killed Gastronok
 12274 | D:9      | Paralysed by a hornet for 2 turns
 12288 | D:9      | Learned a level 4 spell: Petrify
 12301 | D:9      | Found a flagged portal.
 12310 | Bailey   | Entered a bailey
 12397 | Bailey   | Reached *** piety under Fedhas
 12586 | Bailey   | Reached skill level 10 in Fighting
 12586 | Bailey   | Gained mutation: Your demonic aura often causes spilled
                  | blood to erupt in flames. [demonic ancestry]
 12586 | Bailey   | Reached XP level 11. HP: 92/92 MP: 21/21
 12599 | Bailey   | Noticed an orc knight
 12616 | Bailey   | Killed an orc knight
 13088 | D:9      | Acquired an amulet of magic regeneration
 13132 | D:9      | Noticed Grum
 13135 | D:9      | Killed Grum
 13695 | D:10     | Entered Level 10 of the Dungeon
 13711 | D:10     | Reached skill level 5 in Armour
 13711 | D:10     | Gained mutation: Your touch may inflict irresistible damage
                  | on your foes. [demonic ancestry]
 13711 | D:10     | Reached XP level 12. HP: 84/98 MP: 22/22
 13781 | D:10     | Found an iron altar of Okawaru.
 13923 | D:10     | Found an ancient bone altar of Kikubaaqudgha.
 14069 | D:10     | Found Digasy's Antique Armour Emporium.
 14081 | D:10     | Reached **** piety under Fedhas
 14290 | D:10     | Found a staircase to the Orcish Mines.
 14749 | D:10     | Found a bloodstained altar of Trog.
 15004 | D:11     | Reached skill level 1 in Polearms
 15404 | D:11     | Noticed a two-headed ogre
 15409 | D:11     | Found a hide-covered altar of Uskayaw.
 15418 | D:11     | Killed a two-headed ogre
 15504 | D:11     | Noticed a two-headed ogre
 15507 | D:11     | Killed a two-headed ogre
 15566 | D:11     | Reached ***** piety under Fedhas
 15730 | D:11     | Learned a level 5 spell: Iskenderun's Battlesphere
 16041 | D:11     | Noticed a death yak
 16050 | D:11     | Killed a death yak
 16051 | D:11     | Reached skill level 7 in Earth Magic
 16158 | D:11     | Found a staircase to the Lair.
 16160 | D:11     | Noticed a death yak
 16165 | D:11     | Killed a death yak
 16185 | D:11     | Noticed a death yak
 16186 | D:11     | Noticed a five-headed hydra
 16418 | D:11     | Killed a five-headed hydra
 16425 | D:11     | Killed a death yak
 16426 | D:11     | Reached skill level 5 in Polearms
 16800 | Lair:1   | Entered Level 1 of the Lair of Beasts
 17633 | Lair:1   | Reached skill level 8 in Earth Magic
 17635 | Lair:1   | Reached XP level 13. HP: 104/104 MP: 21/26
 17719 | Lair:1   | Noticed Fannar
 17759 | Lair:1   | Killed Fannar
 18477 | Lair:2   | Noticed Sonja
 18486 | Lair:2   | Killed Sonja
 19229 | Lair:2   | Found a hole to the Spider Nest.
 20694 | Lair:3   | Found a staircase to the Swamp.
 21305 | Lair:3   | Reached skill level 9 in Earth Magic
 21305 | Lair:3   | Reached skill level 10 in Invocations
 22442 | Lair:4   | Found a staircase to the Slime Pits.
 22442 | Lair:4   | Found a viscous altar of Jiyva.
 22510 | Lair:4   | Reached ****** piety under Fedhas
 23187 | Lair:5   | Entered Level 5 of the Lair of Beasts
 23329 | Lair:5   | Found an ancient bone altar of Kikubaaqudgha.
 23625 | Lair:5   | Reached XP level 14. HP: 18/111 MP: 25/27
 24298 | Lair:5   | Reached skill level 10 in Earth Magic
 24831 | Lair:5   | Reached skill level 10 in Conjurations
 26523 | Lair:5   | Found a corrupted altar of Lugonu.
 26523 | Lair:5   | Found a one-way gate to the infinite horrors of the Abyss.
 26718 | D:10     | Bought a shiny kite shield for 247 gold pieces
 26802 | Orc:1    | Entered Level 1 of the Orcish Mines
 26802 | Orc:1    | Noticed Jorgrun
 26807 | Orc:1    | Killed Jorgrun
 27291 | Orc:1    | Found a dark tunnel.
 27300 | Volcano  | Entered a volcano
 27948 | Volcano  | Reached skill level 5 in Shields
 28719 | Orc:1    | Reached skill level 10 in Spellcasting
 29108 | Orc:1    | Identified the +8 quarterstaff of Disharmony {flame, Int+7
                  | SInv}
 29108 | Orc:1    | Identified the +8 chain mail "Ukholaru" {Fly rN+ rCorr
                  | Dex-4}
 29113 | Orc:1    | Noticed a frost giant
 29122 | Orc:1    | Killed a frost giant
 29776 | Orc:1    | Gained mutation: Your demonic aura causes all spilled blood
                  | to erupt in flames. [demonic ancestry]
 29776 | Orc:1    | Reached XP level 15. HP: 94/116 MP: 22/29
 30177 | Orc:2    | Entered Level 2 of the Orcish Mines
 30670 | Orc:2    | Found a staircase to the Elven Halls.
 30979 | Orc:2    | Noticed an orc warlord
 31000 | Orc:2    | Killed an orc warlord
 31001 | Orc:2    | Reached skill level 11 in Earth Magic
 31401 | Orc:2    | Found Assif's Antique Armour Boutique.
 31417 | Orc:2    | Found Heizadadgh's Book Boutique.
 31432 | Orc:2    | Found Giposs's General Store.
 31450 | Orc:2    | Found Obryum's Antique Weapon Boutique.
 31509 | Orc:2    | Noticed an orc warlord
 31527 | Orc:2    | Noticed an orc warlord
 31537 | Orc:2    | Killed an orc warlord
 31538 | Orc:2    | Reached skill level 10 in Shields
 31542 | Orc:2    | Killed an orc warlord
 31826 | Orc:2    | Identified the +7 war axe "Woddet" {vorpal, rC+}
 31863 | Orc:2    | Identified the +4 great sword "Ena Kav" {holy, +Blink
                  | Int+2}
 32769 | D:12     | Found Rionoqe's Neck Hole.
 33132 | D:13     | Noticed Urug
 33132 | D:13     | Noticed Rupert
 33132 | D:13     | Found a gate to the Vaults.
 34014 | D:13     | Killed Urug
 34071 | D:13     | Reached skill level 12 in Earth Magic
 34717 | D:13     | Identified the +3 leather armour "Roliosch" {Stlth+}
 34959 | D:13     | Noticed Snorg
 34964 | D:13     | Killed Snorg
 35431 | D:13     | Paralysed by Rupert for 2 turns
 35433 | D:13     | Killed Rupert
 36110 | D:14     | Found a gate leading to a gauntlet.
 36130 | Gauntlet | Entered a Gauntlet
 36130 | Gauntlet | Found a transporter.
 36130 | Gauntlet | Found a transporter.
 36130 | Gauntlet | Found a transporter.
 36130 | Gauntlet | Found a transporter.
 36274 | Gauntlet | Found a transporter.
 36274 | Gauntlet | Found a transporter.
 36329 | Gauntlet | Found a transporter.
 36333 | Gauntlet | Found a transporter.
 36335 | Gauntlet | Found a large runed translucent door.
 36336 | Gauntlet | Found a large runed translucent door.
 36337 | Gauntlet | Found a large runed translucent door.
 36337 | Gauntlet | Found a large runed translucent door.
 36337 | Gauntlet | Found a runed translucent door.
 36338 | Gauntlet | Found a large runed translucent door.
 36343 | Gauntlet | Found a large runed translucent door.
 36344 | Gauntlet | Found a large runed translucent door.
 36345 | Gauntlet | Found a large runed translucent door.
 36347 | Gauntlet | Found a runed translucent gate.
 36349 | Gauntlet | Found a transporter.
 36365 | Gauntlet | Found a transporter.
 36365 | Gauntlet | Found a runed translucent gate.
 36366 | Gauntlet | Found a runed translucent gate.
 36367 | Gauntlet | Found a large runed translucent door.
 36367 | Gauntlet | Found a large runed translucent door.
 36368 | Gauntlet | Found a large runed translucent door.
 36369 | Gauntlet | Found a large runed translucent door.
 36380 | Gauntlet | Found a large runed translucent door.
 36380 | Gauntlet | Found a large runed translucent door.
 36380 | Gauntlet | Found a runed translucent door.
 36381 | Gauntlet | Found a large runed translucent door.
 36382 | Gauntlet | Found a large runed translucent door.
 36384 | Gauntlet | Found a transporter.
 36388 | Gauntlet | Found a transporter.
 36605 | Gauntlet | Identified the +1 hat "Xebbees" {Fly SInv Stlth+}
 36968 | Gauntlet | Gained mutation: You punish those that try to bend your
                  | will. (Will+) [demonic ancestry]
 36968 | Gauntlet | Reached XP level 16. HP: 110/123 MP: 22/30
 36973 | Gauntlet | Reached skill level 13 in Earth Magic
 36983 | Gauntlet | Identified the -1 helmet of a bazaar {Harm rPois Int-5
                  | Dex+4}
 37042 | Gauntlet | Identified the +6 hand crossbow "Tikus" {flame, rCorr
                  | Int+4}
 37042 | Gauntlet | Identified the +9 falchion of the Asp {vorpal, rPois Str+2
                  | Int+4 Dex-5}
 37042 | Gauntlet | Identified the ring "Puwuk" {Ice +Blink Str+8 Int-3 SInv}
 38922 | D:15     | Entered Level 15 of the Dungeon
 40299 | D:15     | Found a staircase to the Depths.
 41115 | D:15     | Reached skill level 14 in Earth Magic
 41288 | D:15     | Found a sacrificial altar of Ru.
 43246 | Swamp:1  | Entered Level 1 of the Swamp
 43871 | Swamp:1  | You fall into a shaft and drop 1 floor!
 44009 | Swamp:2  | Noticed Roxanne
 44018 | Swamp:2  | Killed Plog's ghost
 44030 | Swamp:2  | Killed a thorn hunter
 44050 | Swamp:2  | Killed a thorn hunter
 44074 | Swamp:2  | Killed Roxanne
 44090 | Swamp:2  | Learned a level 6 spell: Statue Form
 44524 | Swamp:2  | Killed a thorn hunter
 44579 | Swamp:2  | Noticed Donald
 44590 | Swamp:2  | Killed Donald
 44751 | Swamp:2  | Found a runed translucent gate.
 44752 | Swamp:2  | Found a runed translucent gate.
 44753 | Swamp:2  | Found a runed translucent gate.
 44945 | Swamp:2  | Reached skill level 15 in Earth Magic
 44945 | Swamp:2  | Reached XP level 17. HP: 77/129 MP: 27/31
 45386 | Swamp:2  | Noticed Nikola
 45394 | Swamp:2  | Killed Nikola
 45606 | Swamp:2  | Reached skill level 5 in Transmutations
 47872 | Swamp:4  | Entered Level 4 of the Swamp
 49340 | Swamp:4  | Found a runed translucent door.
 49747 | Swamp:4  | Noticed Mara
 49760 | Swamp:4  | Noticed sizableburger's illusion
 49760 | Swamp:4  | Killed from afar by Mara

Illustrated notes

Levels and vault maps discovered:
D:1:      dpeg_arrival_pits, layout_basic, shapermc_ecumenical_altar_notcrosses
D:2:      layout_basic, st_stairs_5, uniq_crazy_yiuf_cottage
D:3:      layout_basic, mainiacjoe_overflow_boulevard, uniq_jessica
D:4:      layout_basic, mainiacjoe_overflow_cross_hatched, nemelex_altar_shiori,
          nicolae_wormholes, uniq_grinder
D:5:      layout_basic, kennysheep_mini_moat, minmay_temple_entry_overgrown,
          uniq_eustachio, uniq_edmund
D:6:      layout_loops_ring
D:7:      layout_loops_corners, mainiacjoe_overflow_large_starburst,
          gammafunk_ghost_arena, minmay_misc_feat_secret_circle
D:8:      layout_loops_ring, uniq_erica, uniq_psyche
D:9:      layout_loops_ring, enter_bailey_5, minmay_misc_feat_hallway,
          uniq_grum, uniq_gastronok
D:10:     layout_loops_cross, okawaru_metal_pillars_1_2,
          mainiacjoe_overflow_alcove_4, bloody_trog, david_orc_1_choice,
          serial_shops, nicolae_shop_hallway_stairs, st_stairs_12,
          small_statue_intersection
D:11:     layout_roguey, dpeg_lair_monsters, serial_undead, serial_undead_c,
          serial_undead_d, serial_undead_b, serial_undead_c,
          nicolae_uskayaw_murder_on_the_dancefloor
D:12:     layout_small_grid, nicolae_shop_sticking_my_neck_out
D:13:     layout_basic, david_vaults_3, st_stairs_10,
          einodemon_barbed_minivault, uniq_snorg
D:14:     layout_stronghold, gauntlet_entry_generic, serial_bayou_ford_a,
          st_stairs_7
D:15:     grunt_enter_depths_magical_seal, layout_small_grid,
          minmay_misc_feat_more_columns, minmay_misc_feat_five,
          nicolae_ru_path_of_blood, uniq_rupert
Temple:   cyrus_circular_temple
Lair:1:   layout_regular_city, uniq_fannar
Lair:2:   layout_small_grid, hellmonk_spider_entry_not_the_bees, uniq_sonja
Lair:3:   layout_long_grid, minmay_swamp_entry_worms, ice2_lemuel
Lair:4:   layout_cave_shapes, slime_entry_1, kennysheep_rathole
Lair:5:   hellmonk_lair_end_abyssal_woods, layout_regular_city, serial_forest,
          infiniplex_forest_straight_1, infiniplex_forest_clump_cross,
          infiniplex_forest_straight_2, infiniplex_forest_straight_3,
          infiniplex_forest_side_room, infiniplex_forest_corner_1,
          infiniplex_forest_clump_curved, infiniplex_forest_join,
          infiniplex_forest_clump_double, basic_altar
Swamp:1:  layout_basic_swamp, hangedman_swamp_pad, infiniplex_staircase_pool_2
Swamp:2:  layout_falls_marsh, gammafunk_ghost_split, hangedman_swamp_ruin_wall,
          swamp_pool2, uniq_donald, uniq_nikola, uniq_roxanne
Swamp:3:  layout_basic_swamp, hangedman_swamp_cone, infiniplex_staircase_pool
Swamp:4:  nzn_swamp_witches_coven, layout_basic_swamp,
          nzn_swamp_weyward_sisters, uniq_mara
Orc:1:    giant_chief_lemuel, layout_caves, enter_volcano_1, mines5_lemuel,
          uniq_jorgrun
Orc:2:    grunt_orc_cross, layout_caves, minmay_orc_treasury

Skill      XL: |  1  2  3  4  5  6  7  8  9 10 11 12 13 14 15 16 17 |
---------------+----------------------------------------------------+-----
Earth Magic    | 3 4 5 6 8 9 10 12 15 | 15.1
Spellcasting   | 3 4 5 6 7 9 10 | 10.8
Conjurations   | 2 4 5 7 9 10 11 13 14 | 14.0
Invocations    | 4 7 8 11 12 | 12.6
Fighting       | 3 5 10 | 10.3
Dodging        | 3 4 |  4.2
Transmutations | 2 3 4 7 |  7.6
Armour         | 3 5 7 |  7.7
Air Magic      | 3 |  3.4
Polearms       | 5 6 |  6.8
Shields        | 8 12 | 12.0
Stealth        | |  1.7

Action                   |  1- 3 |  4- 6 |  7- 9 | 10-12 | 13-15 | 16-18 || total
-------------------------+-------+-------+-------+-------+-------+-------++-------
Melee: Unarmed           |       |     1 |       |       |       |       ||     1
       Staff             |       |     8 |    15 |     5 |       |       ||    28
       Touch             |       |     1 |     2 |     3 |    11 |       ||    17
       Trident           |       |       |       |    20 |   249 |    39 ||   308
       Punch             |       |       |       |     1 |       |       ||     1
 Cast: Sandblast         |    60 |    85 |   130 |   227 |   386 |   180 ||  1068
       Stone Arrow       |       |     4 |    60 |    84 |   377 |   342 ||   867
       Dazzling Flash    |       |       |     1 |     7 |    13 |     1 ||    22
       Iskenderun's Batt |       |       |       |     5 |    38 |    47 ||    90
       Petrify           |       |       |       |       |    12 |    11 ||    23
       Swiftness         |       |       |       |       |     1 |     1 ||     2
       Statue Form       |       |       |       |       |       |     6 ||     6
Invok: Wall of Briars    |       |       |     1 |       |       |     1 ||     2
       Grow Ballistomyce |       |       |       |     1 |     5 |     2 ||     8
       Grow Oklob        |       |       |       |       |     1 |     2 ||     3
Evoke: Wand              |       |       |       |     3 |     4 |     5 ||    12
       Phantom mirror    |       |       |       |       |     2 |     1 ||     3
  Use: Potion            |       |     3 |       |     1 |     8 |     7 ||    19
       Scroll            |       |     7 |     9 |    13 |     8 |     4 ||    41
 Stab: Sleeping          |       |       |     1 |       |       |       ||     1
       Invisible         |       |       |       |     1 |       |       ||     1
       Distracted        |       |       |       |       |     1 |       ||     1
       Petrified         |       |       |       |       |     1 |     3 ||     4
       Confused          |       |       |       |       |     1 |       ||     1
Armor: Robe              |    13 |    20 |    53 |       |    32 |       ||   118
       Ring mail         |       |       |       |   147 |   504 |   137 ||   788
       Acid dragon scale |       |       |       |       |       |    40 ||    40
       Scale mail        |       |       |       |       |       |     2 ||     2
       Skin              |       |       |       |       |       |    30 ||    30
       Swamp dragon scal |       |       |       |       |       |    12 ||    12
Dodge: Dodged            |    36 |    36 |    78 |   165 |   448 |   172 ||   935
Block: Kite shield       |       |       |       |       |   257 |   257 ||   514
